 Dungeon Crawl Stone Soup version 0.28.0-43-g3370ac3207 (console) character file.

Game seed: 918054183264479854

38 Zeor the Bolt Thrower (level 3, -4/18 HPs)
             Began as a Vine Stalker Hunter on Mar 27, 2022.
             Slain by a gnoll sergeant
             ... wielding a +0 spear
              (9 damage)
             ... on level 2 of the Dungeon.
             The game lasted 00:03:30 (1374 turns).

Zeor the Bolt Thrower (Vine Stalker Hunter)         Turns: 1374, Time: 00:03:30

Health: -4/18      AC:  4    Str: 14    XL:     3   Next: 43%
Magic:  0/4        EV: 12    Int: 11    God:
Gold:   50         SH:  0    Dex: 16    Spells: 2/2 levels left

rFire   . . .      SeeInvis .   a - +1 hand crossbow
rCold   . . .      Faith    .   (no shield)
rNeg    . . .      Spirit   +   c - +1 leather armour
rPois   .          Reflect  .   (no helmet)
rElec   .          Harm     .   (no cloak)
rCorr   .          Rampage  .   (no gloves)
Will    .....                   (no boots)
Stlth   ++........              (no amulet)
HPRegen 0.06/turn               (no ring)
MPRegen 0.09/turn               (no ring)

@: no status effects
A: fangs 2, magic shield, antimagic bite, no potion heal 2
a: no special abilities


You were on level 2 of the Dungeon.
You visited 1 branch of the dungeon, and saw 2 of its levels.

You collected 50 gold pieces.

Inventory:

Hand Weapons
 a - a +1 hand crossbow (weapon)
 b - a +0 short sword
 g - a +0 dagger
Missiles
 d - a bolt (quivered ammo)
 e - 37 arrows
Armour
 c - a +1 leather armour (worn)
Scrolls
 f - a scroll of teleportation


   Skills:
 + Level 2.1 Fighting
 + Level 0.3 Short Blades
 + Level 4.2 Crossbows
 + Level 0.3 Armour
 + Level 1.8 Dodging
 + Level 1.2 Stealth


You had 2 spell levels left.
You didn't know any spells.
Your spell library was empty.

Dungeon Overview and Level Annotations

Branches:
Dungeon (2/15)

Altars:


Innate Abilities, Weirdness & Mutations

You have extremely sharp teeth.
When hurt, damage is shared between your health and your magic reserves.
Your bite disrupts and absorbs the magic of your enemies.
Potions cannot restore your health.


Message History

The gnoll misses you.
You shoot a bolt. The bolt hits the gnoll sergeant.
The gnoll sergeant is lightly wounded.
The gnoll sergeant hits you from afar with a +0 spear.
You shoot a bolt.
The bolt hits the gnoll sergeant but does no damage.
The gnoll sergeant is lightly wounded.
The gnoll sergeant hits you from afar with a +0 spear.
You are too injured to fight recklessly!
You are too injured to fight recklessly!
Fire: 5 bolts
Press: ? - help, Q - select action Shift-Dir - straight line, f/p - gnoll sergeant
Aim: a gnoll sergeant, wielding a +0 spear and wearing a +0 scale mail (lightly wounded, 73% to hit)
You shoot a bolt. The bolt hits the gnoll sergeant.
The gnoll sergeant is lightly wounded.
The gnoll sergeant hits you from afar with a +0 spear.
Fire: 4 bolts
Press: ? - help, Q - select action Shift-Dir - straight line, f/p - gnoll sergeant
Aim: a gnoll sergeant, wielding a +0 spear and wearing a +0 scale mail (lightly wounded, 73% to hit)
You shoot a bolt. The bolt hits the gnoll sergeant.
The gnoll sergeant is lightly wounded.
The gnoll sergeant barely misses you.
Fire: 3 bolts
Press: ? - help, Q - select action Shift-Dir - straight line, f/p - gnoll sergeant
Aim: a gnoll sergeant, wielding a +0 spear and wearing a +0 scale mail (lightly wounded, 73% to hit)
You shoot a bolt.
The bolt hits the gnoll sergeant but does no damage.
The gnoll sergeant is lightly wounded.
The gnoll sergeant hits you from afar with a +0 spear.
* * * LOW HITPOINT WARNING * * *
The gnoll sergeant misses you.
Fire: 2 bolts
Press: ? - help, Q - select action Shift-Dir - straight line, f/p - gnoll sergeant
Aim: a gnoll sergeant, wielding a +0 spear and wearing a +0 scale mail (lightly wounded, 73% to hit)
You shoot a bolt.
The bolt barely misses the gnoll sergeant.
The bolt closely misses the gnoll.
The gnoll sergeant hits you from afar with a +0 spear!
Ouch! That really hurt!
You die...

▒ ▒▒∙▒▒ ▒▒▒▒∙∙▒
▒∙∙∙∙▒▒ ▒▒▒▒▒▒▒ ∙∙▒▒▒▒
▒∙∙∙∙∙▒ [▒▒ ▒∙∙∙∙∙▒
▒▒▒ ▒∙∙∙∙∙▒ ∙∙▒
▒∙∙∙∙∙▒▒ ▒∙▒
▒▒▒∙>∙∙∙∙▒ ▒∙▒▒▒
▒∙∙∙∙∙▒▒f▒
∙∙∙∙▒▒▒▒▒∙▒∙∙▒▒♣∙♣
∙∙∙∙∙∙∙∙∙∙▒∙∙▒♣♣g♣♣
∙∙∙∙∙∙∙∙∙∙∙∙▒▒♣ggg♣
∙∙∙∙∙∙∙∙∙▒▒▒▒♣♣∙∙∙♣♣
∙∙∙∙∙∙∙∙∙▒▒ ♣∙∙∙∙∙♣
∙∙∙∙∙∙∙∙∙∙▒ ░♣∙♣∙∙)♣░
∙∙∙∙∙∙∙∙∙∙▒░♣∙(∙(♣∙∙♣░
∙∙∙∙∙∙∙∙∙∙▒♣)∙∙∞(∙∙∙∙♣


You could see a gnoll sergeant and 3 gnolls.

Vanquished Creatures
  3 dart slugs (D:1)
  4 endoplasms (D:1)
  6 goblins
  4 hobgoblins
  A quokka (D:1)
  A ball python (D:1)
  3 bats
  3 frilled lizards
  3 kobolds
  2 rats (D:1)
30 creatures vanquished.

Vanquished Creatures (others)
  A plant (D:1)
1 creature vanquished.

Grand Total: 31 creatures vanquished

Notes
Turn   | Place    | Note
-------+----------+-------------------------------------------
     0 | D:1      | Zeor the Vine Stalker Hunter began the quest for the Orb.
     0 | D:1      | Reached XP level 1. HP: 11/11 MP: 2/2
   405 | D:1      | Reached XP level 2. HP: 15/15 MP: 3/3
   428 | D:1      | Reached skill level 4 in Crossbows
   976 | D:1      | Reached XP level 3. HP: 18/18 MP: 4/4
  1354 | D:2      | Noticed a gnoll sergeant
  1356 | D:2      | Found the +8 woodcutter's axe {vorpal}
  1374 | D:2      | Slain by a gnoll sergeant

Illustrated notes

Levels and vault maps discovered:
D:1:      saegor_arrival_fortress, layout_rooms, serial_forest,
          infiniplex_forest_lined_3, infiniplex_forest_clump_double,
          infiniplex_forest_lined_1, infiniplex_forest_lined_4_way,
          infiniplex_forest_clump_curved, infiniplex_forest_clump_curved,
          infiniplex_forest_split, serial_bayou_pond_a, grunt_decor_junction
D:2:      layout_rooms, dreamdust_ecumenical_altar_sealed_demon,
          pf_guarded_unrand_woodcutter

Skill      XL: |  1  2 |
---------------+-------+-----
Crossbows      | 4 |  4.2
Fighting       | 2 |  2.1
Short Blades   | |  0.3
Armour         | |  0.3
Dodging        | |  1.8
Stealth        | |  1.2

Action                   || total
-------------------------++-------
Melee: Short sword       ||    17
       Bite              ||     4
 Fire: Hand crossbow     ||    57
  Use: Scroll            ||     5
       Potion            ||     1
 Stab: Sleeping          ||     1
Armor: Leather armour    ||     5
Dodge: Dodged            ||    15
